Map: Abyssal Reef LE

Players

Oberon

  • Race: Protoss Protoss
  • League: Platinum
  • Spawn Location: 11:00

Havoc - Winner!

  • Race: Zerg Zerg
  • League: Platinum
  • Spawn Location: 5:00

VOD

Have the link to the VOD?

Description

Time

  • Played on: July 31, 2017, 8:40 p.m.
  • Length: 13:02
Show
View Real Time Build Order
Export as new Build Order

Oberon Protoss 

Build Orders: 1 Gate Expand, Zealot Archon 

Get SALT Encoding   

  12  0:01  Probe (Chrono Boost)  
  13  0:11  Probe (Chrono Boost)  
  14  0:22  Pylon, Probe (Chrono Boost)  
  15  0:40  Probe (Chrono Boost)  
  15  0:41  Gateway  
  16  0:49  Assimilator  
  16  0:51  Probe (Chrono Boost)  
  17  1:01  Probe (Chrono Boost)  
  18  1:12  Probe (Chrono Boost)  
  19  1:24  Nexus  
  19  1:34  Cybernetics Core  
  19  1:46  Assimilator  
  19  1:48  Probe (Chrono Boost)  
  20  1:58  Probe (Chrono Boost)  
  21  2:09  Probe (Chrono Boost)  
  21  2:15  Twilight Council  
  22  2:18  Pylon  
  22  2:21  Pylon  
  22  2:25  Probe (Chrono Boost)  
  23  2:30  Warp Gate  
  23  2:36  Probe, Adept (Chrono Boost)  
  27  2:40  Mothership Core  
  28  2:48  Probe  
  29  2:54  Pylon  
  29  2:59  Zealot (Chrono Boost)  
  29  3:00  Charge (Chrono Boost), Probe  
  32  3:09  Probe  
  32  3:12  Probe  
  34  3:21  Probe  
  34  3:24  Probe  
  34  3:26  Zealot  
  38  3:34  Gateway  
  38  3:36  Gateway  
  38  3:40  Probe x2  
  40  3:52  Probe x2  
  42  4:05  Zealot  
  42  4:17  Pylon  
  42  4:23  Probe x2  
  44  4:28  Templar Archives  
  44  4:30  Assimilator  
  44  4:32  Assimilator  
  44  4:35  Probe x2  
  44  4:37  Gateway  
  46  4:39  Gateway  
  46  4:43  Zealot  
  46  4:44  Zealot  
  50  4:47  Probe, Zealot  
  50  4:50  Probe  
  54  4:59  Probe  
  55  5:05  Robotics Facility  
  55  5:06  Zealot x2  
  59  5:08  Zealot  
  61  5:23  Pylon  
  61  5:25  Pylon  
  61  5:27  Pylon  
  48  6:07  Zealot x5  
  52  6:19  Pylon  
  52  6:24  Pylon  
  52  6:28  Zealot x2  
  52  6:29  High Templar x2  
  60  6:33  Immortal (Chrono Boost)  
  60  6:39  Forge  
  64  6:41  Forge  
  64  6:42  Archon  
  64  6:44  Zealot  
  66  6:49  Zealot x2  
  70  7:03  High Templar x2  
  70  7:07  Zealot  
  76  7:09  Archon  
  76  7:13  Immortal (Chrono Boost)  
  80  7:22  Zealot x2  
  84  7:30  High Templar  
  49  7:53  Zealot x4  
  51  8:11  Probe x2  
  53  8:23  Probe x2  
  45  8:35  Probe  
  24  8:49  Probe x2  
  24  8:51  High Templar x4  
  32  8:57  Archon  
  32  8:58  Archon  
  32  9:01  Probe x2  
  34  9:08  Zealot  
  36  9:13  Probe  
  37  9:33  High Templar x3  
  37  9:37  Zealot  
  45  9:38  Archon  
  43  9:47  Probe x2  
  45  9:59  Probe  
  28  10:26  Probe x2  
  20  10:29  Zealot  
  20  10:30  Zealot x2  
  26  10:38  Probe  
  26  10:39  Probe  
  28  10:51  Probe, Zealot, Mothership Core  
  33  11:08  High Templar  
  35  11:13  Probe x2  
  37  11:21  Zealot  
  37  11:25  Probe x2, Archon  
  41  11:36  High Templar  
  41  11:37  Probe x2  
  41  11:38  Zealot  
  47  11:49  Probe x2  
  49  11:54  Immortal  
  53  12:01  Probe x2  
  55  12:12  Zealot  
  55  12:13  Probe  
  55  12:14  Probe  
Show
View Real Time Build Order
Export as new Build Order

Havoc Zerg - Winner!

Build Orders: Hatch First 

Get SALT Encoding   

  12  0:01  Drone  
  13  0:13  Overlord  
  13  0:17  Drone  
  14  0:32  Drone x2  
  14  0:35  Drone  
  17  0:55  Hatchery  
  16  0:57  Drone  
  16  1:00  Extractor  
  16  1:02  Drone  
  17  1:18  Spawning Pool  
  16  1:20  Drone  
  16  1:24  Drone  
  18  1:28  Drone  
  19  1:39  Overlord  
  19  2:04  Metabolic Boost  
  19  2:08  Queen x2  
  19  2:10  Zergling x2  
  19  2:11  Zergling x2  
  19  2:14  Zergling x2  
  26  2:18  Drone  
  26  2:21  Drone  
  28  2:24  Drone  
  28  2:29  Drone  
  30  2:33  Drone  
  31  2:39  Drone  
  32  2:55  Drone  
  32  2:57  Drone  
  34  3:01  Hatchery  
  34  3:04  Overlord  
  33  3:07  Overlord  
  33  3:17  Drone  
  33  3:18  Drone x2  
  36  3:23  Drone  
  36  3:24  Drone x2  
  36  3:25  Drone  
  40  3:28  Drone  
  41  3:34  Baneling Nest  
  41  3:35  Drone  
  41  3:36  Drone  
  42  3:42  Spine Crawler  
  42  3:44  Drone  
  42  3:45  Drone  
  42  4:09  Zergling x4  
  43  4:10  Drone  
  43  4:11  Drone x4  
  43  4:15  Spore Crawler  
  47  4:17  Spore Crawler  
  47  4:23  Drone  
  47  4:24  Drone x3  
  50  4:25  Queen  
  50  4:26  Overlord  
  50  4:29  Lair  
  52  4:33  Spore Crawler  
  52  4:37  Evolution Chamber  
  50  4:39  Drone x3  
  50  4:41  Evolution Chamber  
  50  4:42  Extractor  
  50  4:44  Extractor  
  50  4:48  Drone x5  
  50  4:52  Zergling x2  
  56  4:53  Zergling x2  
  56  4:54  Zergling x2  
  58  5:00  Zergling x2  
  58  5:01  Zergling x4  
  58  5:03  Zerg Melee Weapons Level 1  
  61  5:10  Zerg Missile Weapons Level 1  
  61  5:13  Drone x3  
  61  5:14  Drone  
  65  5:17  Overlord x2  
  65  5:19  Overlord  
  65  5:32  Centrifical Hooks  
  65  5:33  Hydralisk Den  
  60  5:43  Zergling x2  
  60  5:44  Zergling x22  
  64  5:57  Zergling x2  
  64  5:58  Zergling x12  
  66  6:08  Hydralisk x3  
  71  6:11  Muscular Augments  
  71  6:17  Drone x5  
  76  6:21  Spine Crawler  
  76  6:25  Queen  
  77  6:38  Baneling  
  77  6:39  Baneling x2  
  77  6:42  Drone  
  77  6:43  Drone x3  
  77  6:44  Drone x2  
  83  6:49  Extractor x2  
  81  6:54  Extractor  
  81  6:56  Hatchery  
  79  7:05  Baneling  
  79  7:06  Baneling x2  
  79  7:09  Drone x6  
  79  7:10  Drone x2  
  87  7:20  Baneling x2  
  87  7:21  Baneling x4  
  72  7:47  Hydralisk x7  
  72  7:49  Zergling x2  
  72  7:50  Zergling x12  
  88  7:56  Spine Crawler, Hydralisk x2  
  79  7:58  Spine Crawler  
  73  8:10  Hydralisk  
  73  8:11  Hydralisk x2  
  58  8:28  Zergling x2  
  58  8:29  Zergling x8  
  61  8:37  Zergling x2  
  61  8:38  Zergling x4  
  51  8:45  Drone  
  51  8:46  Drone  
  40  8:59  Hydralisk x4  
  48  9:08  Drone x2  
  48  9:09  Queen  
  50  9:12  Queen  
  46  9:26  Hydralisk x2  
  46  9:28  Zergling x4  
  46  9:29  Zergling x2  
  52  9:40  Hydralisk  
  52  9:42  Zergling x8  
  56  9:56  Hydralisk  
  58  10:00  Drone x5  
  42  10:27  Drone  
  42  10:28  Drone x7  
  50  10:49  Drone  
  51  10:50  Drone x5  
  51  10:51  Hydralisk Den  
  55  11:08  Drone x2  
  57  11:11  Zergling x2  
  57  11:12  Zergling x16  
  57  11:15  Extractor  
  57  11:16  Extractor  
  64  11:23  Zergling x8  
  68  11:33  Nydus Network  
  67  11:42  Zergling x2  
  67  11:43  Zergling x16  
  76  11:52  Hydralisk  
  76  11:53  Hydralisk x2  
  82  12:04  Zergling x8  
  86  12:15  Nydus Canal  
  86  12:20  Zergling x2  
  86  12:21  Zergling x6  
Tags
 
Add a new tag
Caveats
  • Supply blocks, unpowered buildings, or Contaminate may cause inaccurate times.
  • Supply counts are checked every 10 seconds.